 Dungeon Crawl Stone Soup version 0.30-a0-1008-g30c9307041 (webtiles) character file.

Game seed: 16151122481335883527

30 Demosthentine the Poker (level 3, 28/28 HPs)
             Began as a Demonspawn Gladiator on Apr 5, 2023.
             Got out of the dungeon alive.
             The game lasted 00:01:00 (819 turns).

Demosthentine the Poker (Demonspawn Gladiator)       Turns: 819, Time: 00:01:00

Health: 28/28      AC:  4    Str: 16    XL:     3   Next: 5%
Magic:  3/3        EV: 12    Int:  9    God:
Gold:   49         SH:  0    Dex: 14    Spells: 2/2 levels left

rFire   . . .      SeeInvis .    a - +0 trident
rCold   . . .      Faith    .    (no shield)
rNeg    . . .      Spirit   .    b - +0 leather armour
rPois   .          Reflect  .    c - +0 helmet
rElec   .          Rampage  .    (no cloak)
rCorr   .                        (no gloves)
Will    .....                    (no boots)
Stlth   +                        (no amulet)
HPRegen 0.24/turn                (no ring)
MPRegen 0.08/turn                (no ring)

@: no status effects
A: claws 1, demonic magic 1
a: no special abilities


You escaped.
You visited 1 branch of the dungeon, and saw 1 of its levels.

You collected 49 gold pieces.

Inventory:

Hand Weapons
 a - a +0 trident (weapon)
Missiles
 d - 3 throwing nets (quivered)
 e - a javelin
Armour
 b - a +0 leather armour (worn)
 c - a +0 helmet (worn)
Jewellery
 j - a ring of fire
Scrolls
 g - 2 scrolls of enchant weapon {unknown}
 h - a scroll of poison {unknown}
 i - a scroll of identify {unknown}
 k - a scroll of teleportation {unknown}
Potions
 f - 2 potions of curing {unknown}


   Skills:
 + Level 2.4 Fighting
 + Level 3.0 Polearms
 - Level 1.7 Throwing
 + Level 1.0 Armour
 + Level 3.0 Dodging


You had 2 spell levels left.
You didn't know any spells.
Your spell library was empty.

Dungeon Overview and Level Annotations

Branches:
Dungeon (1/15)

Altars:


Innate Abilities, Weirdness & Mutations

You have sharp fingernails.
Spells you cast may paralyse adjacent enemies.


Message History

j - a ring of fire An endoplasm is nearby!
An endoplasm is nearby!
An endoplasm is nearby!
An endoplasm is nearby!
An endoplasm is nearby!
An endoplasm is nearby!
You strike the helpless endoplasm from behind!
You hit the endoplasm but do no damage. The endoplasm misses you.
You puncture the endoplasm!
You kill the endoplasm!
You have reached level 3!
Your experience leads to an increase in your attributes!
Increase (S)trength, (I)ntelligence, or (D)exterity?
You feel stronger. x2; Your demonic ancestry asserts itself...
Your fingernails lengthen.
You now have 49 gold pieces (gained 17).
k - a scroll labelled XELEQI DILUL You see here a +0 dagger.
You see here a +0 dagger.
There is a large open door here.
You open the door. You open the door.
There is a large open door here.
Key pressed, stopping explore.
There is a stone staircase leading down here.
A ball python comes into view.
The ball python hisses angrily.
You reach to attack!
You barely miss the ball python. You puncture the ball python!
You kill the ball python!
No target in view!
No target in view!
No target in view!
No target in view!
Okay, then.
There is a large open door here.
There is a staircase leading out of the dungeon here.
Are you sure you want to leave the Dungeon?
This will make you lose the game!
You have escaped!

.##...###..(........###........##
.###### #..##..#######P...######
.########..#..## #P.P♣..#####
.............#######♣#...♣.......
.#####.##....###P.'..#.♣....#####
.# #.##...###PP.#.P#......# # .##
#.##..####♣..####......# # ..#
#.##..#P♣#♣...#...P.P.## # #)#
#.##..'.P#P@..'...♣.♣..# # #÷#
#...#.'.P#♣...'......P.# #
#.####÷##..#P♣#P..P#.P......# #
...##......####P..####.....## #
.......####.###P♣.#P.#.P♣...## #
...##..# #..###P.'.♣#.♣.....####
.####..# ##.#######P#...♣.......
.# #..# #..## #...P..##### .#
#..# ##..#######......#


There were no monsters in sight!

Vanquished Creatures
  4 ball pythons (D:1)
  3 bats (D:1)
  3 endoplasms (D:1)
  2 goblins (D:1)
  3 hobgoblins (D:1)
  4 jackals (D:1)
  A quokka (D:1)
  3 frilled lizards (D:1)
  A kobold (D:1)
  2 rats (D:1)
26 creatures vanquished.

Vanquished Creatures (others)
  A fungus (D:1)
  A plant (D:1)
2 creatures vanquished.

Grand Total: 28 creatures vanquished

Notes
Turn   | Place    | Note
-------+----------+-------------------------------------------
     0 | D:1      | Demosthentine the Demonspawn Gladiator began the quest for
                  | the Orb.
     0 | D:1      | Reached XP level 1. HP: 16/16 MP: 1/1
   141 | D:1      | Gained mutation: Spells you cast may paralyse adjacent
                  | enemies. [demonic ancestry]
   141 | D:1      | Reached XP level 2. HP: 16/22 MP: 2/2
   239 | D:1      | Found a faded altar of an unknown god.
   596 | D:1      | Reached skill level 1 in Armour
   607 | D:1      | Gained mutation: You have sharp fingernails. [demonic
                  | ancestry]
   607 | D:1      | Reached XP level 3. HP: 28/28 MP: 3/3
   819 | D:$      | Got out of the dungeon alive.

Illustrated notes

Levels and vault maps discovered:
D:1:      denvon_arrival_planthouse, layout_loops_ring,
          dreamdust_ecumenical_altar_hidden_monk_grotto

Skill      XL: |  1  2 |
---------------+-------+-----
Polearms       | 3 |  3.0
Dodging        | 3 |  3.0
Armour         | 1 |  1.0
Fighting       | |  2.4
Throwing       | |  1.7

Action                     || total
---------------------------++-------
  Melee: Trident           ||    84
   Stab: Distracted        ||     1
         Sleeping          ||     1
 Armour: Leather armour    ||    26
  Dodge: Dodged            ||    48

Table legend: (Time is in decaauts)
 A = Elapsed time spent in this place.
 B = Non-inter-level travel time spent in this place.
 C = Inter-level travel time spent in this place.
 D = Time resting spent in this place.
 E = Time spent auto-exploring this place.
 F = Levels seen in this place.
 G = Mean time per level.
                   A        B        C        D        E       F      G
               +--------+--------+--------+--------+--------+-----+--------+
         Total |    832 |    832 |      0 |      0 |    619 |   1 |  832.0 |
       Dungeon |    832 |    832 |      0 |      0 |    619 |   1 |  832.0 |
               +--------+--------+--------+--------+--------+-----+--------+

Top non-repeatable levels by time:
     D:1: 832 daAuts
